 Dungeon Crawl Stone Soup version 0.29-a0-323-g050149af67 (webtiles) character file.

Game seed: 2307946173492011037

19339 siradein the Cleaver (level 12, -4/169 HPs)
             Began as a Hill Orc Berserker on Apr 11, 2022.
             Was a High Priest of Trog.
             Slain by a yak (8 damage)
             ... on level 3 of the Lair of Beasts.
             The game lasted 00:45:55 (16254 turns).

siradein the Cleaver (Hill Orc Berserker)          Turns: 16254, Time: 00:45:55

Health: -4/169     AC: 18    Str: 25    XL:     12   Next: 68%
Magic:  12/12      EV: 11    Int:  7    God:    Trog [*****.]
Gold:   818        SH:  0    Dex: 10    Spells: 11/11 levels left

rFire   + . .      SeeInvis .   U - +0 battleaxe (vorpal)
rCold   . . .      Faith    +   (shield currently unavailable)
rNeg    + . .      Spirit   .   T - +0 chain mail {rF+}
rPois   .          Reflect  .   l - +1 hat
rElec   .          Harm     .   Q - +0 cloak
rCorr   .          Rampage  .   w - +0 pair of gloves
Will    ++...                   q - +1 pair of boots
Stlth   ..........              R - amulet of faith
HPRegen 1.38/turn               O - ring of positive energy
MPRegen 0.13/turn               (no ring)

@: berserking, strong-willed, regenerating, very quick
A: no striking features
a: Renounce Religion, Berserk, Trog's Hand, Brothers in Arms


You were on level 3 of the Lair of Beasts.
You worshipped Trog.
Trog was extremely pleased with you.
You visited 2 branches of the dungeon, and saw 14 of its levels.

You collected 818 gold pieces.

Inventory:

Hand Weapons
 a - a +0 hand axe of venom
 n - a +0 scimitar of flaming
 v - a +0 broad axe of venom
 y - a +5 war axe
 U - a +0 vorpal battleaxe (weapon)
Missiles
 C - a throwing net (quivered)
Armour
 l - a +1 hat (worn)
 q - a +1 pair of boots (worn)
 w - a +0 pair of gloves (worn)
 Q - a +0 cloak (worn)
 T - a +0 chain mail of fire resistance (worn)
Jewellery
 O - a ring of positive energy (left hand)
 R - an amulet of faith (around neck)
Wands
 j - a wand of paralysis (7)
 x - a wand of polymorph (32)
 E - a wand of flame (24)
 J - a wand of charming (12)
 K - a wand of iceblast (5)
Scrolls
 b - a scroll of torment {unknown}
 d - 11 scrolls of teleportation
 f - 2 scrolls of immolation {unknown}
 g - 3 scrolls of noise {unknown}
 p - 3 scrolls of fear
 s - 3 scrolls of summoning {unknown}
 t - 3 scrolls of enchant armour {unknown}
 u - 2 scrolls of magic mapping {unknown}
 z - a scroll of holy word {unknown}
 A - 3 scrolls of blinking
 B - 3 scrolls of silence {unknown}
 G - 3 scrolls of fog
 I - 2 scrolls of acquirement {unknown}
 N - a scroll of enchant weapon {unknown}
Potions
 c - 3 potions of might
 e - 12 potions of ambrosia
 h - 4 potions of resistance
 i - 5 potions of curing
 k - a potion of mutation {unknown}
 m - 2 potions of invisibility {unknown}
 o - 2 potions of degeneration {unknown}
 r - 2 potions of heal wounds
 D - 4 potions of lignification {unknown}
 F - a potion of berserk rage {unknown}
 H - a potion of haste {unknown}
 L - 2 potions of attraction {unknown}
 P - a potion of cancellation {unknown}
 S - a potion of magic {unknown}
Miscellaneous
 M - a phantom mirror


   Skills:
 + Level 12.8 Fighting
 + Level 13.9 Axes
 + Level 11.6 Armour
 + Level 9.0 Dodging


You had 11 spell levels left.
You didn't know any spells.
Your spell library was empty.

Dungeon Overview and Level Annotations

Branches:
Dungeon (11/15)            Temple (0/1) D:7            Lair (3/6) D:9
 Spider (0/4) Lair:2          Orc (0/2) D:11
  Swamp: Lair:2-4    Shoals: Lair:2-4

Altars:
Kikubaaqudgha
Wu Jian

Shops:
D:1 (

Portals:
Trove: D:11 (give 7 scrolls of fear)


Message History

Your skin crawls.
You feel strong-willed. The yak gores you!
* * * LOW HITPOINT WARNING * * *
You slice the yak!!
The yak is heavily wounded.
You hit the yak. The yak barely misses you. The yak gores you.
* * * LOW HITPOINT WARNING * * *
Unknown command.
A red film seems to cover your vision as you go berserk!
You feel yourself moving faster!
You feel mighty! The yak gores you!
* * * LOW HITPOINT WARNING * * *
The yak gores you but does no damage.
Unknown command.
You slash the yak!
The yak is heavily wounded.
You slash the yak! You hit the yak.
The yak is severely wounded.
You slice the yak!!
You kill the yak!
Trog accepts your kill. The yak gores you.
* * * LOW HITPOINT WARNING * * *
You barely miss the yak. You slice the yak!!
You kill the yak!
Trog accepts your kill. The yak gores you!
* * * LOW HITPOINT WARNING * * *
Your Dodging skill increases to level 9!
You completely miss the yak. You hit the yak.
Unknown command.
You hit the yak.
The yak is lightly wounded.
You barely miss the yak. The yak gores you but does no damage.
The yak barely misses you.
You barely miss the yak.
The yak is lightly wounded.
You hit the yak. The yak gores you!
You die...

#### ##P####
.###... #....P####
....... ##........)
....... P.........
.......###.........
.......#.+<........
..Y..Y.'...........
.#+##..#Y#Y........
....###@#...#####
#.♣.+. ###.P## .l #
##.#### .. #.....##
. #####....##
##P.......P#
#.........###
....#......#.#
.###........##


You could see 2 yaks.

Vanquished Creatures
  Gastronok (D:9)
  A hydra (Lair:1)
  Erica (D:9)
  A two-headed ogre (D:10)
  A cyclops (D:9)
  An ugly thing (D:11)
  3 black mambas
  An elephant (D:9)
  4 cane toads
  Maggie (D:8)
  2 gargoyles
  A komodo dragon (Lair:1)
  A polar bear (Lair:2)
  A queen bee (D:10)
  2 trolls
  Grinder (D:6)
  A wraith (D:10)
  22 yaks
  2 wyverns
  A shadow (D:11)
  Eustachio (D:4)
  Grum (D:10)
  A basilisk (Lair:1)
  A redback (Lair:2)
  Menkaure (D:7)
  Edmund (D:6)
  5 water moccasins
  An acid dragon (D:9)
  2 orc warriors
  4 black bears
  2 ice beasts (D:7)
  3 ogres
  6 centaurs
  9 wolves
  2 phantoms (D:11)
  4 kobold brigands
  Blork the orc (D:6)
  2 bullfrogs
  A gnoll sergeant (D:8)
  3 scorpions
  4 wights
  33 killer bees
  4 troll zombies (D:11)
  2 vampire bats (D:4)
  3 jellies
  4 orc priests
  3 hounds
  A gnoll shaman (D:9)
  6 iguanas
  9 orc wizards
  4 ogre zombies (D:11)
  16 gnolls
  8 adders
  A shadow imp (D:4)
  2 white imps
  A worm (D:2)
  16 orcs
  5 bat skeletons (D:4)
  A bat zombie (D:4)
  4 endoplasms
  3 giant cockroaches
  11 goblins
  10 hobgoblins
  4 jackals (D:1)
  2 quokkas
  8 ball pythons
  9 bats
  4 frilled lizards
  A goblin skeleton (D:11)
  A hobgoblin skeleton (D:11)
  5 hobgoblin zombies (D:11)
  31 kobolds
  3 orc skeletons (D:11)
  15 orc zombies (D:11)
  8 rats
342 creatures vanquished.

Vanquished Creatures (others)
  4 fungi
  12 plants
16 creatures vanquished.

Grand Total: 358 creatures vanquished

Notes
Turn   | Place    | Note
-------+----------+-------------------------------------------
     0 | D:1      | siradein the Hill Orc Berserker began the quest for the
                  | Orb.
     0 | D:1      | Reached XP level 1. HP: 19/19 MP: 1/1
   352 | D:1      | Reached XP level 2. HP: 27/27 MP: 2/2
   544 | D:1      | Found a faded altar of an unknown god.
   798 | D:1      | Reached XP level 3. HP: 25/33 MP: 3/3
  1064 | D:1      | Found Qaxkan's Weapon Shoppe.
  1936 | D:2      | Reached XP level 4. HP: 25/40 MP: 4/4
  2792 | D:2      | Reached ** piety under Trog
  3834 | D:3      | Reached skill level 5 in Axes
  4490 | D:4      | Reached XP level 5. HP: 47/47 MP: 5/5
  4903 | D:4      | Reached skill level 5 in Fighting
  4903 | D:4      | Reached XP level 6. HP: 42/56 MP: 6/6
  5003 | D:4      | Noticed Eustachio
  5005 | D:4      | Found an ancient bone altar of Kikubaaqudgha.
  5015 | D:4      | Killed Eustachio
  5017 | D:4      | Reached skill level 6 in Axes
  5025 | D:4      | Reached XP level 7. HP: 61/61 MP: 7/7
  5186 | D:5      | Entered Level 5 of the Dungeon
  5323 | D:5      | You fall into a shaft and drop 3 floors!
  5339 | D:8      | Reached *** piety under Trog
  5443 | D:8      | Reached skill level 5 in Armour
  5461 | D:8      | Reached skill level 7 in Axes
  5461 | D:8      | Reached XP level 8. HP: 31/71 MP: 8/8
  5646 | D:7      | Noticed Menkaure
  5656 | D:7      | Killed Menkaure
  5695 | D:6      | Noticed Edmund
  5714 | D:6      | Killed Edmund
  6005 | D:5      | Reached skill level 8 in Axes
  6272 | D:6      | Noticed Grinder
  6286 | D:6      | Paralysed by Grinder for 2 turns
  6291 | D:6      | Killed Grinder
  6292 | D:6      | Reached skill level 5 in Dodging
  6292 | D:6      | Reached XP level 9. HP: 59/80 MP: 9/9
  6342 | D:6      | Noticed Blork the orc
  6350 | D:6      | Killed Blork the orc
  6935 | D:7      | Reached skill level 9 in Axes
  6965 | D:7      | Reached **** piety under Trog
  7057 | D:7      | Found a staircase to the Ecumenical Temple.
  7707 | D:8      | Noticed Maggie
  7721 | D:8      | Killed Maggie
  7804 | D:8      | Reached XP level 10. HP: 63/91 MP: 10/10
  7807 | D:8      | Reached skill level 10 in Axes
  8418 | D:9      | Noticed a cyclops
  8428 | D:9      | Killed a cyclops
  8512 | D:9      | Noticed Gastronok
  8542 | D:9      | Killed Gastronok
  8543 | D:9      | Reached skill level 10 in Fighting
  8543 | D:9      | Reached skill level 11 in Axes
  8606 | D:9      | Found a staircase to the Lair.
  8606 | D:9      | Noticed an elephant
  8638 | D:9      | Killed an elephant
  8765 | D:9      | Noticed Erica
  9037 | D:9      | Killed Erica
  9038 | D:9      | Reached XP level 11. HP: 101/101 MP: 11/11
  9799 | D:10     | Entered Level 10 of the Dungeon
  9895 | D:10     | Noticed Grum
  9954 | D:10     | Killed Grum
 10213 | D:10     | Reached ***** piety under Trog
 10232 | D:10     | Reached skill level 12 in Axes
 10267 | D:10     | Reached skill level 10 in Armour
 10510 | D:10     | Identified the +0 ring mail of Grottiness {rPois rC- rN+++
                  | MP-9}
 10624 | D:10     | Noticed a two-headed ogre
 10634 | D:10     | Killed a two-headed ogre
 11268 | D:11     | Found a staircase to the Orcish Mines.
 11495 | D:11     | Received a gift from Trog
 11854 | D:11     | Noticed a cyan ugly thing
 11867 | D:11     | Killed a cyan ugly thing
 12245 | D:11     | Noticed a six-headed hydra
 12684 | D:11     | Found a portal to a secret trove of treasure.
 12777 | D:11     | Found an ornate altar of the Wu Jian Council.
 12926 | Lair:1   | Entered Level 1 of the Lair of Beasts
 12934 | Lair:1   | Reached XP level 12. HP: 76/112 MP: 12/12
 12941 | Lair:1   | Reached skill level 13 in Axes
 13734 | Lair:1   | Noticed a seven-headed hydra
 13746 | Lair:1   | Killed a one-headed hydra
 15619 | Lair:2   | Found a hole to the Spider Nest.
 16243 | Lair:3   | Received a gift from Trog
 16251 | Lair:3   | HP: 1/169 [yak (11)]
 16254 | Lair:3   | Slain by a yak

Illustrated notes

Levels and vault maps discovered:
D:1:      dpeg_arrival_subterranean_lakeside_camping, layout_loops_corners,
          dreamdust_ecumenical_altar_angels_and_demons, serial_shops,
          nicolae_shop_bloodbath_and_beyond
D:2:      kennysheep_big_flooded_room, layout_basic
D:3:      layout_basic
D:4:      layout_basic, kennysheep_vampire_church, uniq_eustachio
D:5:      layout_basic
D:6:      layout_gridville, minivault_22, uniq_edmund, uniq_grinder,
          uniq_blork_the_orc
D:7:      layout_basic, minmay_temple_entry_mist, serial_corexii_hall,
          corexii_hall_statues_x, corexii_hall_statues_s, uniq_menkaure
D:8:      layout_loops_ring, uniq_maggie
D:9:      layout_cave_pods, david_lair_generic, st_stairs_11, uniq_gastronok,
          uniq_erica
D:10:     layout_small_grid, special_room [special_room_bee], uniq_grum
D:11:     layout_layer_cave, zombieorc2_lemuel, nicolae_trove_entry_diagonal,
          nzn_wu_jian_council_hall
Lair:1:   layout_cave_pods, lemuel_fruit_tree
Lair:2:   layout_layer_cave, spider_nest_entry_webs, lemuel_fruit_fields
Lair:3:   layout_roguey, swamp_mist, serial_bayou_shore_a,
          infiniplex_staircase_pool_2, grunt_megastairs_4

Skill      XL: |  1  2  3  4  5  6  7  8  9 10 11 12 |
---------------+-------------------------------------+-----
Fighting       | 4 5 6 7 9 10 11 12 | 12.8
Dodging        | 2 3 5 6 7 8 9 |  9.0
Armour         | 3 4 5 6 7 9 10 11 | 11.6
Axes           | 5 6 7 8 9 11 12 13 | 13.9

Action                   |  1- 3 |  4- 6 |  7- 9 | 10-12 || total
-------------------------+-------+-------+-------+-------++-------
Melee: Hand axe          |   128 |   100 |     3 |    20 ||   251
       Punch             |       |     1 |     3 |    10 ||    14
       Broad axe         |       |    81 |   219 |   307 ||   607
       War axe           |       |       |    63 |   289 ||   352
       Unarmed           |       |       |     1 |       ||     1
       Scimitar          |       |       |       |     7 ||     7
       Battleaxe         |       |       |       |     7 ||     7
Invok: Berserk           |       |     1 |     2 |     8 ||    11
       Trog's Hand       |       |       |       |     5 ||     5
  Use: Scroll            |       |     5 |     3 |     4 ||    12
       Potion            |       |       |       |     2 ||     2
 Stab: Paralysed         |       |       |     1 |       ||     1
Armor: Animal skin       |    11 |       |       |       ||    11
       Leather armour    |    26 |    12 |       |       ||    38
       Chain mail        |       |   123 |    29 |   166 ||   318
       Ring mail         |       |     2 |       |       ||     2
       Scale mail        |       |       |    26 |       ||    26
       Plate armour      |       |       |    70 |   274 ||   344
       Acid dragon scale |       |       |     2 |     6 ||     8
Dodge: Dodged            |    89 |    93 |   116 |   414 ||   712

Table legend: (Time is in decaauts)
 A = Elapsed time spent in this place.
 B = Non-inter-level travel time spent in this place.
 C = Inter-level travel time spent in this place.
 D = Time resting spent in this place.
 E = Time spent auto-exploring this place.
 F = Levels seen in this place.
 G = Mean time per level.
                   A        B        C        D        E       F      G
               +--------+--------+--------+--------+--------+-----+--------+
         Total |  16403 |  16065 |    338 |   2002 |  10864 |  14 | 1171.6 |
       Dungeon |  13087 |  12756 |    331 |   1448 |   8448 |  11 | 1189.7 |
          Lair |   3315 |   3309 |      6 |    554 |   2416 |   3 | 1105.0 |
               +--------+--------+--------+--------+--------+-----+--------+

Top non-repeatable levels by time:
     D:2: 1885 daAuts
  Lair:1: 1703 daAuts
    D:11: 1624 daAuts
  Lair:2: 1540 daAuts
    D:10: 1468 daAuts
     D:8: 1444 daAuts
     D:1: 1422 daAuts
     D:9: 1292 daAuts
     D:3: 1093 daAuts
     D:4: 838 daAuts
     D:6: 762 daAuts
     D:7: 725 daAuts
     D:5: 530 daAuts
  Lair:3: 71 daAuts
